 Dungeon Crawl Stone Soup version 0.29.0-4-gdea44cf6ec (webtiles) character file.

Game seed: 3696396147685240820

79 qw the Chopper (level 4, -3/26 HPs)
             Began as a Tengu Warper on Aug 28, 2022.
             Was an Initiate of Okawaru.
             Killed by nerve-wracking pain
             ... invoked by an orc priest
              (7 damage)
             ... on level 3 of the Dungeon.
             The game lasted 00:00:13 (2716 turns).

qw the Chopper (Tengu Warper)                       Turns: 2716, Time: 00:00:13

Health: -3/26      AC:  5    Str: 13    XL:     4   Next: 38%
Magic:  8/8        EV: 11    Int: 14    God:    Okawaru [......]
Gold:   42         SH:  0    Dex: 13    Spells: 7/7 levels left

rFire   . . .      SeeInvis .   Y - +0 war axe
rCold   . . .      Faith    .   (no shield)
rNeg    . . .      Spirit   .   e - +0 ring mail
rPois   .          Reflect  .   (helmet restricted)
rElec   .          Harm     .   (no cloak)
rCorr   .          Rampage  .   (no gloves)
Will    .....                   (boots unavailable)
Stlth   +.........              (no amulet)
HPRegen 0.08/turn               (no ring)
MPRegen 0.11/turn               (no ring)

@: no status effects
A: beak, talons 3
a: Renounce Religion


You were on level 3 of the Dungeon.
You worshipped Okawaru.
Okawaru was noncommittal.
You visited 1 branch of the dungeon, and saw 3 of its levels.

You collected 42 gold pieces.


Innate Abilities, Weirdness & Mutations

You have a beak for a mouth.
You have claws for feet.


   Skills:
 - Level 2.0 Fighting
 + Level 5.0 Axes
 - Level 1.0 Throwing
 - Level 1.1 Armour
 - Level 2.1 Dodging
 - Level 2.0 Spellcasting
 - Level 2.4 Translocations


You had 7 spell levels left.
You didn't know any spells.
Your spell library contained the following spells:

 Spells                   Type           Power      Damage    Failure   Level
 Blink                    Tloc           16%        N/A       28%         2
 Gell's Gravitas          Tloc           8%         N/A       50%         3
 Lesser Beckoning         Tloc           8%         N/A       50%         3
 Teleport Other           Tloc           8%         N/A       50%         3
 Manifold Assault         Tloc           8%         N/A       99%         5

Inventory:

Hand Weapons
 k - a +0 flail
 Y - a +0 war axe (weapon)
Armour
 e - a +0 ring mail (worn)
Scrolls
 b - a scroll of identify
Potions
 d - a potion of brilliance {unknown}
 f - a potion of heal wounds {unknown}
 h - a potion of magic {unknown}

Dungeon Overview and Level Annotations

Branches:
Dungeon (3/15)

Altars:
Okawaru


Message History

Enter note: An endoplasm comes into view.
You hit the endoplasm. You claw the endoplasm.
You kill the endoplasm!
Okawaru accepts your kill.
An orc wizard, an orc priest and 2 orcs come into view.
Found a stone staircase leading down.
The orc shouts!
The orc wizard shouts!
The orc priest shouts!
The orc shouts!
The orc priest looks satisfied for a moment.
2709 ||| Stepping ~*~*~tactically~*~*~ (hiding).
The orc attacks as you move away! The orc hits you but does no damage.
You hit the orc.
The orc is heavily wounded.
The orc completely misses you.
You hit the orc. You claw the orc, but do no damage. You peck the orc.
You kill the orc!
Okawaru accepts your kill.
Your Axes skill increases to level 5!
You barely miss the orc priest.
You claw the orc priest, but do no damage.
The orc priest mumbles some strange prayers to Beogh against you.
Beogh smites you!
You closely miss the orc. You peck the orc.
The orc is lightly wounded.
You hit the orc. You claw the orc, but do no damage. Your peck misses the orc.
The orc is moderately wounded.
The orc priest mumbles some strange prayers to Beogh against you.
Beogh smites you! The orc hits you with a +0 whip.
You barely miss the orc.
The orc is moderately wounded.
The orc wizard casts a spell.
The orc wizard flickers and vanishes!
Deactivating autopickup; reactivate with Ctrl-A.
The orc barely misses you.
You barely miss the orc. You claw the orc. You peck the orc.
You kill the orc!
Okawaru accepts your kill.
The orc priest invokes the aid of Beogh against you.
Pain shoots through your body!
You die...

##.# .%.# ####
#########
#.......#
#.#####.########
#.# #........#
###.# ########@#
....# #o# #####
#{..ooo.>
#########


You could see an orc priest.

Vanquished Creatures
  2 adders
  A worm (D:2)
  A dart slug (D:1)
  3 orcs (D:3)
  4 bats
  6 endoplasms
  A giant cockroach (D:3)
  7 goblins
  6 hobgoblins
  2 jackals (D:1)
  A quokka (D:2)
  4 ball pythons
  3 frilled lizards (D:2)
  4 kobolds
  9 rats
54 creatures vanquished.

Notes
Turn   | Place    | Note
-------+----------+-------------------------------------------
     0 | D:1      | qw the Tengu Warper began the quest for the Orb.
     0 | D:1      | Reached XP level 1. HP: 12/12 MP: 4/4
     0 | D:1      | 0 ||| qw: Version: 0.1-a-89-g26bdef1
     0 | D:1      | 0 ||| qw: Game counter: 3157
     0 | D:1      | 0 ||| qw: Always use a shield: true
     0 | D:1      | 0 ||| qw: God list: Okawaru
     0 | D:1      | 0 ||| qw: Allow faded altars: false
     0 | D:1      | 0 ||| qw: Do Orc after D:15 true
     0 | D:1      | 0 ||| qw: Do second Lair branch before Depths: true
     0 | D:1      | 0 ||| qw: Lair rune preference: random
     0 | D:1      | 0 ||| qw: Plans: Normal
     0 | D:1      | 0 ||| PLANNING D:1-11
    44 | D:1      | HP: 3/12 [kobold/+0 short sword (4)]
    46 | D:1      | Reached skill level 3 in Axes
    46 | D:1      | Reached XP level 2. HP: 4/17 MP: 6/6
    56 | D:1      | 56 ||| Stepping ~*~*~tactically~*~*~ (stealth).
   567 | D:1      | 567 ||| DROPPING +0 club.
   631 | D:1      | 631 ||| Stepping ~*~*~tactically~*~*~ (hiding).
   713 | D:1      | Reached XP level 3. HP: 21/21 MP: 7/7
   824 | D:1      | 824 ||| SWAPPING to +0 war axe.
   825 | D:1      | 825 ||| DROPPING +0 hand axe.
   880 | D:1      | 880 ||| UPGRADING to +0 ring mail.
   890 | D:1      | 890 ||| DROPPING +0 leather armour.
   891 | D:1      | 891 ||| READING scroll labelled JOS PANNASSY.
   892 | D:1      | 892 ||| READING scroll labelled UTAELI LOIMN.
   893 | D:1      | 893 ||| READING scroll labelled GECAIWN MEITO.
   894 | D:1      | 894 ||| DROPPING scroll of blinking.
  1007 | D:2      | Reached skill level 4 in Axes
  1087 | D:2      | 1087 ||| FLEEEEING.
  1088 | D:2      | 1088 ||| FLEEEEING.
  1089 | D:2      | 1089 ||| FLEEEEING.
  1090 | D:2      | 1090 ||| FLEEEEING.
  1091 | D:2      | 1091 ||| FLEEEEING.
  1092 | D:2      | 1092 ||| FLEEEEING.
  1093 | D:2      | 1093 ||| STAIRDANCE
  1220 | D:1      | 1220 ||| READING scroll labelled LUCOUXZERAEDGH.
  1403 | D:2      | 1403 ||| Stepping ~*~*~tactically~*~*~ (stealth).
  1416 | D:2      | 1416 ||| Stepping ~*~*~tactically~*~*~ (stealth).
  1425 | D:2      | 1425 ||| Stepping ~*~*~tactically~*~*~ (stealth).
  1433 | D:2      | 1433 ||| Stepping ~*~*~tactically~*~*~ (stealth).
  1468 | D:2      | 1468 ||| Stepping ~*~*~tactically~*~*~ (stealth).
  1469 | D:2      | 1469 ||| Stepping ~*~*~tactically~*~*~ (stealth).
  1724 | D:2      | 1724 ||| Stepping ~*~*~tactically~*~*~ (stealth).
  1742 | D:2      | Reached XP level 4. HP: 23/26 MP: 8/8
  1831 | D:2      | 1831 ||| Stepping ~*~*~tactically~*~*~ (stealth).
  1832 | D:2      | 1832 ||| Stepping ~*~*~tactically~*~*~ (stealth).
  1862 | D:2      | Found an iron altar of Okawaru.
  1870 | D:2      | Became a worshipper of Warmaster Okawaru
  2084 | D:2      | 2084 ||| READING scroll labelled PEUDUET RINAWN.
  2085 | D:2      | 2085 ||| DRINKING 2 white potions.
  2086 | D:2      | 2086 ||| DROPPING potion of flight.
  2087 | D:2      | 2087 ||| Stepping randomly (stuck).
  2088 | D:2      | 2088 ||| Stepping ~*~*~tactically~*~*~ (cloud).
  2093 | D:2      | HP: 6/26 [poisoned by you (poison gas)]
  2427 | D:3      | 2427 ||| Stepping ~*~*~tactically~*~*~ (stealth).
  2549 | D:3      | Found a faded altar of an unknown god.
  2709 | D:3      | 2709 ||| Stepping ~*~*~tactically~*~*~ (hiding).
  2712 | D:3      | Reached skill level 5 in Axes
  2714 | D:3      | HP: 5/26 [orc priest/divine providence (12)]
  2716 | D:3      | Killed from afar by an orc priest

Levels and vault maps discovered:
D:1:      psy_arrival_whirlpool, layout_rooms, chequers_serial_rivers_micro_a
D:2:      layout_rooms, basic_altar, bh_walls_and_bars
D:3:      layout_loops_ring, mainiacjoe_overflow_alcove_4,
          shapermc_ecumenical_altar_totnotflames, kennysheep_nub,
          kennysheep_generic_room_13

Skill      XL: |  1  2  3  4 |
---------------+-------------+-----
Axes           | 3 4 5 |  5.0
Fighting       | |  2.0
Throwing       | |  1.0
Armour         | |  1.1
Dodging        | |  2.1
Spellcasting   | |  2.0
Translocations | |  2.4

Action                   |  1- 3 |  4- 6 || total
-------------------------+-------+-------++-------
Melee: Hand axe          |    34 |       ||    34
       Kick              |    16 |     8 ||    24
       Peck              |    10 |     6 ||    16
       Punch             |     1 |       ||     1
       War axe           |    56 |    26 ||    82
Throw: Boomerang         |     7 |       ||     7
  Use: Scroll            |     4 |     1 ||     5
       Potion            |       |     1 ||     1
Armor: Leather armour    |    10 |       ||    10
       Ring mail         |    16 |     5 ||    21
Dodge: Dodged            |    30 |    13 ||    43

Table legend:
 A = Non-vault XP
 B = Vault XP
 C = Vault XP percentage of total XP
 D = Non-vault monster count
 E = Vault monster count
 F = Vault count percentage of total count
                 A         B        C        D         E       F
            +---------+---------+-------+---------+---------+-------
      Total |     117 |       0 |   0.0 |      54 |       0 |   0.0
            +---------+---------+-------+---------+---------+-------
        D:1 |      35 |       0 |   0.0 |      20 |       0 |   0.0
        D:2 |      54 |       0 |   0.0 |      26 |       0 |   0.0
        D:3 |      28 |       0 |   0.0 |       8 |       0 |   0.0
            +---------+---------+-------+---------+---------+-------
